Digby Rigby, neutral male scurrid Tourist ----------- --------------------- |.......... ...................`| |........... .............}}..[..| ---------......}}}}... ..}}}}.....}}}}.....--------- |}}}.....}}}..}}}}}}... }}}..}}....}}...}}}}.}}}}}}}}| |}}}....}}.}}}}....}}...} }..........}}....}}}}}}...}}}| }}}}}}}............}}}}}. }............}}.............} ...............}}.... .}...........}}.......... -............?....... ..}........}}}}.......- |..........%.......... ...}}}....}}}.}........| ---------....!...}}}}....}}....*---------...+}}..}}}...........[--------- |}}}..........}}}.........}}}......}}}........}}}}}}.......}}}.........}| |}}}}.......<}}}.?...%.......}...}}..}}}}}}....}}.}.....}}}...}}}....}}}| |}}}}}}}}..}}}.}}}}}}......[..}}}...i..}}}}}.........}}}}..*.....}}}}}}}| |}}}}}}..}}}........}}}...}}}}.......@....}}}}}..}}}}.}}}}}........}}}}}| ---------..............}}}. --------- ....}}}.>..}}}}}}.....--------- |........ ............}}......| | ..................| ------------------- Digby Rigby the Rambler Experience level: 1 Strength: 10 Dexterity: 11 Constitution: 13 Intelligence: 16 Wisdom: 8 Charisma: 17 Health: 0(16) Energy: 2(2) Def: 0 Gold: 386 Moves: 100 Dungeon seed: b9NTcciGe5986-oD Game ID: Digby Rigby_1528901507 Your Inventory: Coins $ - 386 gold pieces Weapons a - 49 blessed +2 darts (in quiver) Armor e - an uncursed +0 Hawaiian shirt (being worn) Comestibles b - 2 uncursed carrots c - 4 uncursed chestnuts d - 3 uncursed tripe rations f - 2 uncursed fortune cookies g - 2 uncursed food rations h - an uncursed eucalyptus leaf Scrolls j - 3 uncursed scrolls of magic mapping k - a blessed scroll of magic mapping Wands n - an uncursed wand of secret door detection (0:14) Tools l - an uncursed expensive camera (0:48) m - an uncursed credit card o - an uncursed oil lamp (0:1304) Spells and supernatural/magical abilities: Name Level Category Fail Memory W - pray for help -- divine ? -- Your skills at the end: Miscellaneous Skills wands [Basic] Weapon Skills dart [Basic] Spellcasting Skills Final Attributes: You were devoutly aligned. You had infravision. You were very stealthy. You are dead. Vanquished creatures: a grid bug Voluntary challenges: You went without food. You did not adorn yourself with jewelry or accessories. You did not cause conflict. You were not invisible. You did not have reflection. You were not displaced. You were an atheist. You never hit with a wielded weapon. You did not use containers. You did not apply a unicorn horn. You did not use plumbed fixtures. You were illiterate. You never genocided any monsters. You never polymorphed an object. You never changed form. You used no wishes. You never split a pudding. You never wrote Elbereth's name. You never violated your personal moral code. Dungeon overview: The Dungeons of Doom: levels 1 to 14 Level 1 a long staircase Level 2 Level 3 Level 4 Level 5 Level 6 Level 7 Level 8 Level 9 Level 10 Level 11 Level 12 a fountain Level 13 Level 14 <- You were here History has recorded: On T:1 you entered the Dungeons of Doom to retrieve the Amulet of Yendor! On T:7 you reached level 2 of The Dungeons of Doom. On T:14 you reached level 3 of The Dungeons of Doom. On T:22 you reached level 4 of The Dungeons of Doom. On T:28 you reached level 5 of The Dungeons of Doom. On T:34 you reached level 6 of The Dungeons of Doom. On T:40 you reached level 7 of The Dungeons of Doom. On T:49 you reached level 8 of The Dungeons of Doom. On T:63 you reached level 10 of The Dungeons of Doom. On T:71 you reached level 11 of The Dungeons of Doom. On T:78 you reached level 12 of The Dungeons of Doom. On T:87 you reached level 13 of The Dungeons of Doom. On T:94 you reached level 14 of The Dungeons of Doom. Score breakdown: Gold: 0 ( 0 points) Experience: 1 level ( 0 points) Exploration: 14 levels ( 390 points) Discoveries: 0 items ( 0 points) Variety of kills: 1 monster ( 50 points) Major goal: (nothing yet) ( 0 points) Survival: died (score multiplied by 3) Total score: 1320 Latest messages: You start digging downward. You continue digging downward. You dig a pit in the floor. You continue digging downward. (7x) You dig a hole through the floor. You fall through... You receive a faint telepathic message from Twoflower: Your help is urgently needed at Ankh-Morpork! Look for a ...ic transporter. You couldn't quite make out that last message. You start digging downward. You continue digging downward. You dig a pit in the floor. You continue digging downward. The tengu is blinded by the flash! The tengu pecks! The tengu pecks! You die... Final status: Aloha Digby Rigby the Tourist, killed by a tengu... You died in The Dungeons of Doom on dungeon level 14 with 1320 points, and 386 pieces of gold, after 100 moves. You were level 1 with a maximum of 16 hit points when you died.